 Dungeon Crawl Stone Soup version 0.29-a0-1019-g84f7d21838 (webtiles) character file.

Game seed: 16422450875454739896

28 drpainis the Sneak (level 2, -1/13 HPs)
             Began as a Spriggan Enchanter on Aug 11, 2022.
             Shot with a sling bullet by a kobold (5 damage)
             ... on level 2 of the Dungeon.
             The game lasted 00:01:37 (1284 turns).

drpainis the Sneak (Spriggan Enchanter)             Turns: 1284, Time: 00:01:38

Health: -1/13      AC:  2    Str:  4    XL:     2   Next: 96%
Magic:  6/6        EV: 17    Int: 16    God:
Gold:   104        SH:  0    Dex: 15    Spells: 6/6 levels left

rFire   . . .      SeeInvis +   a - +1 dagger
rCold   . . .      Faith    .   (no shield)
rNeg    . . .      Spirit   .   b - +0 robe
rPois   .          Reflect  .   (helmet restricted)
rElec   .          Harm     .   (no cloak)
rCorr   .          Rampage  .   (gloves unavailable)
Will    +....                   (boots unavailable)
Stlth   +++.......              (no amulet)
HPRegen 0.04/turn               e - ring of willpower
MPRegen 0.10/turn               (no ring)

@: very quick
A: very small, no large weapons, unfitting armour, see invisible, speed 3
a: no special abilities


You were on level 2 of the Dungeon.
You visited 1 branch of the dungeon, and saw 2 of its levels.

You collected 104 gold pieces.

Inventory:

Hand Weapons
 a - a +1 dagger (weapon)
Armour
 b - a +0 robe (worn)
Jewellery
 e - a ring of willpower (left hand)
Potions
 c - 2 potions of invisibility
 d - a potion of brilliance {unknown}
 f - a potion of mutation {unknown}
 g - a potion of might {unknown}
 h - 2 potions of haste {unknown}
 i - a potion of heal wounds {unknown}


   Skills:
 + Level 0.2 Fighting
 + Level 1.1 Short Blades
 + Level 3.0 Dodging
 + Level 5.5 Stealth
 + Level 2.8 Spellcasting
 + Level 4.0 Hexes


You had 6 spell levels left.
You didn't know any spells.
Your spell library contained the following spells:

 Spells                   Type           Power      Damage    Failure   Level
 Confusing Touch          Hex            15%        N/A       11%         3
 Tukima's Dance           Hex            15%        N/A       11%         3
 Ensorcelled Hibernation  Hex/Ice        16%        N/A       13%         2
 Dazzling Flash           Conj/Hex       16%        N/A       26%         3


Dungeon Overview and Level Annotations

Branches:
Dungeon (2/15)

Altars:


Innate Abilities, Weirdness & Mutations

You are very small and have problems with some larger weapons.
You are too small for most types of armour.
You have supernaturally acute eyesight. (SInv)
You cover ground extremely quickly. (Speed+++)


Message History

You kill the bat!
You see here a bat corpse.
A worm comes into view.
A worm is nearby!
A worm is nearby!
Found a puce potion.
You hit the worm.
The worm is lightly wounded.
The worm completely misses you.
You completely miss the worm. You hit the worm.
The worm is lightly wounded.
The worm closely misses you.
You hit the worm.
The worm is lightly wounded.
You hit the worm.
The worm is heavily wounded.
The worm bites you!
Ouch! That really hurt!
* * * LOW HITPOINT WARNING * * *
You barely miss the worm.
The worm is moderately wounded.
The worm closely misses you.
You hit the worm but do no damage.
The worm is moderately wounded.
You barely miss the worm.
The worm is moderately wounded.
The worm completely misses you.
You start resting.
A worm is nearby!
A kobold comes into view.
It is wielding a +0 sling and quivering poisoned darts.
The kobold shouts!
The kobold shoots a sling bullet.
The sling bullet closely misses you.
The kobold shoots a sling bullet.
The sling bullet hits you but does no damage.
i - a puce potion The kobold shoots a sling bullet.
The sling bullet hits you but does no damage.
The kobold shoots a sling bullet.
The sling bullet hits you.
You die...

# #.....#.#########...#
#.##$#..#K....#.....###
#......K....#.#.....###
######$######.#........
#.......w..#........
###.###########.....
#......... +.....
#..####### #..... #.@#
#..... #..# ###### #...
#.### #. .. .. ...


You could see a kobold.

Vanquished Creatures
  2 dart slugs (D:1)
  6 bats
  An endoplasm (D:1)
  3 giant cockroaches
  3 hobgoblins
  A kobold (D:1)
  3 ball pythons (D:1)
  A goblin (D:1)
  4 rats (D:1)
24 creatures vanquished.

Notes
Turn   | Place    | Note
-------+----------+-------------------------------------------
     0 | D:1      | drpainis the Spriggan Enchanter began the quest for the
                  | Orb.
     0 | D:1      | Reached XP level 1. HP: 9/9 MP: 5/5
   240 | D:1      | Reached skill level 5 in Stealth
   300 | D:1      | Reached XP level 2. HP: 12/13 MP: 6/6
  1284 | D:2      | Shot with a sling bullet by a kobold

Illustrated notes

Levels and vault maps discovered:
D:1:      dpeg_arrival_boxorama, layout_rooms
D:2:      layout_basic, hellmonk_ecumenical_altar_pennies_from_heaven

Skill      XL: |  1  2 |
---------------+-------+-----
Stealth        | 5 |  5.5
Hexes          | 4 |  4.0
Dodging        | 3 |  3.0
Fighting       | |  0.2
Short Blades   | |  1.1
Spellcasting   | |  2.8

Action                   || total
-------------------------++-------
Melee: Dagger            ||    78
       Punch             ||     1
 Stab: Sleeping          ||     7
Armor: Robe              ||    22
Dodge: Dodged            ||    87

Table legend: (Time is in decaauts)
 A = Elapsed time spent in this place.
 B = Non-inter-level travel time spent in this place.
 C = Inter-level travel time spent in this place.
 D = Time resting spent in this place.
 E = Time spent auto-exploring this place.
 F = Levels seen in this place.
 G = Mean time per level.
                   A        B        C        D        E       F      G
               +--------+--------+--------+--------+--------+-----+--------+
         Total |   1012 |   1002 |     10 |    181 |    606 |   2 |  506.0 |
       Dungeon |   1012 |   1002 |     10 |    181 |    606 |   2 |  506.0 |
               +--------+--------+--------+--------+--------+-----+--------+

Top non-repeatable levels by time:
     D:1: 735 daAuts
     D:2: 277 daAuts
